 Dungeon Crawl Stone Soup version 0.27-a0-1181-g5f64966fcc (webtiles) character file.

Game seed: 11214406388825739859

180 Sobieck the Skirmisher (level 5, -8/42 HPs)
             Began as a Demonspawn Fighter on May 17, 2021.
             Killed by divine providence
             ... invoked by an orc priest
              (11 damage)
             ... on level 3 of the Dungeon.
             The game lasted 00:04:33 (3047 turns).

Sobieck the Skirmisher (Demonspawn Fighter)         Turns: 3047, Time: 00:04:34

Health: -8/42      AC: 18    Str: 18    XL:     5   Next: 33%
Magic:  5/5        EV:  4    Int:  9    God:
Gold:   106        SH:  9    Dex: 12    Spells: 4/4 levels left

rFire    . . .     SeeInvis .   a - +0 war axe {axe}
rCold    . . .     Faith    .   c - +0 kite shield
rNeg     . . .     Spirit   .   w - +0 chain mail
rPois    .         Reflect  .   (no helmet)
rElec    .         Harm     .   (no cloak)
rCorr    .         Rampage  .   (no gloves)
Will     .....                  (no boots)
Stlth    ..........             (no amulet)
HPRegen  0.14/turn              o - ring of flight
MPRegen  0.09/turn              (no ring)

@: sanguine armoured, flying
A: ignite blood 1, sanguine armour 2
a: no special abilities


You were on level 3 of the Dungeon.
You visited 1 branch of the dungeon, and saw 4 of its levels.

You collected 106 gold pieces.


Innate Abilities, Weirdness & Mutations

Your demonic aura sometimes causes spilled blood to erupt in flames.
When seriously injured, your bleeding wounds create thick armour. (AC +9)


   Skills:
 + Level 3.8 Fighting
 * Level 3.5 Axes
 + Level 3.4 Armour
 + Level 3.4 Shields


You had 4 spell levels left.
You didn't know any spells.
Your spell library was empty.

Inventory:

Hand Weapons
 a - a +0 war axe (weapon) {axe}
 b - a +0 hunting sling {sling}
   (You found it on level 2 of the Dungeon)
Missiles
 e - 22 stones (quivered) {throwing}
 m - 33 arrows
 s - 10 bolts
Armour
 c - a +0 kite shield (worn)
 f - a +1 scale mail of cold resistance
   (You found it on level 2 of the Dungeon)
 p - a +0 scale mail
 r - a +0 ring mail
   (You found it on level 2 of the Dungeon)
 w - a +0 chain mail (worn)
   (You found it on level 3 of the Dungeon)
Jewellery
 o - a ring of flight (left hand)
   (You found it on level 2 of the Dungeon)
Scrolls
 h - 2 scrolls of amnesia {unknown}
 j - a scroll of fear {unknown}
 k - 2 scrolls of identify {unknown}
 l - a scroll of blinking {unknown}
 n - a scroll of magic mapping {unknown}
 q - a scroll of holy word {unknown}
 t - a scroll of brand weapon {unknown}
 u - a scroll of enchant weapon {unknown}
Potions
 d - a potion of might
 g - a potion of heal wounds {unknown}
 i - a potion of brilliance {unknown}
 v - a potion of haste {unknown}
 x - a potion of mutation {unknown}

Dungeon Overview and Level Annotations

Branches:
Dungeon (4/15)
 Temple: D:4-7

Altars:
Vehumet

.#.#.#.##.# .#.#.#.##.#
.#.#.#.##.# .....#.##.#
### .....#.##.# # #..
.....#.##.# #.#$# #
.....#.##.# #.#.##.#
..........# #.))o..#
##'###....######@#######
#.# #..........<...(...
##.####...##############
............
#######...### #####


You could see an orc priest.


Message History

You see here a necrophage corpse.
m - 33 arrows (gained 17)
A rat comes into view. 😎 HP[+23]
Your hp is fully restored (42).
You block the rat's attack.
Your chain mail prevents you from hitting the rat.
The rat bites you but does no damage. The rat barely misses you.
You slash the rat!
You kill the rat!
No target in view!
No target in view!
You now have 106 gold pieces (gained 12).
x - a purple potion You reach down and open the door.
There is an open door here.
There is an open door here. 2 orcs and an orc priest come into view.
The orc shouts!
The orc priest shouts!
The orc priest looks satisfied for a moment.
The orc moves out of view.
You block the orc's attack.
You hit the orc. The orc hits you but does no damage. x3
You hit the orc. You closely miss the orc. The orc hits you with a +0 flail.
The orc hits you with a +0 dagger.
The orc priest hits you with a +0 hand axe. 😮 HP[-11]
You take 11 damage, and now have 31/42 hp.
MASSIVE DAMAGE!! (PAUSE)
You barely miss the orc. You closely miss the orc.
You barely miss the orc priest. You block the orc's attack.
The orc hits you but does no damage.
The orc priest hits you with a +0 hand axe.
Your blood congeals into armour.
The orc hits you but does no damage. x2 😮 HP[-3]
You take 3 damage, and now have 28/42 hp.
Unknown command.
You closely miss the orc priest. You closely miss the orc. You hit the orc.
You kill the orc!
The orc priest hits you but does no damage.
You block the orc's attack.
The orc priest hits you but does no damage.
Unknown command.
You closely miss the orc priest. You barely miss the orc.
You block the orc's attack.
The orc priest hits you but does no damage.
The orc hits you but does no damage.
The orc priest hits you but does no damage. 😮 HP[+1] Unknown command.
You hit the orc priest. You closely miss the orc.
Your blood armour dries and flakes away.
The orc hits you but does no damage.
The orc priest hits you with a +0 hand axe.
Your blood congeals into armour.
The orc hits you but does no damage. 😮 HP[-4]
You take 4 damage, and now have 25/42 hp.
You barely miss the orc priest. You hit the orc.
The orc priest invokes the aid of Beogh against you.
Beogh smites you!
* * * LOW HITPOINT WARNING * * *
The orc hits you but does no damage.
The orc priest hits you but does no damage. 😨 HP[-13]
You take 13 damage, and now have 12/42 hp.
MASSIVE DAMAGE!! (PAUSE)
You hit the orc priest.
Your shield and chain mail prevent you from hitting the orc.
The orc hits you but does no damage.
The orc priest hits you but does no damage.
The orc hits you but does no damage.
Unknown command.
You slash the orc priest! You hit the orc.
You kill the orc!
You block the orc priest's attack.
The orc priest hits you but does no damage.
You barely miss the orc priest.
The orc priest hits you but does no damage.
The orc priest barely misses you. 😨 HP[+1] Unknown command.
Your shield and chain mail prevent you from hitting the orc priest.
The orc priest invokes the aid of Beogh against you.
Beogh smites you!
* * * LOW HITPOINT WARNING * * *
😱 HP[-8]
You take 8 damage, and now have 5/42 hp.
Unknown command.
You closely miss the orc priest.
The orc priest mumbles some strange prayers to Beogh against you.
Pain shoots through your body!
* * * LOW HITPOINT WARNING * * *
The orc priest begins to cast a cantrip, but forgets the words! 😱 HP[-2]
You take 2 damage, and now have 3/42 hp.
Unknown command.
You barely miss the orc priest.
The orc priest calls down the wrath of Beogh upon you.
Beogh smites you!
You die...

Skill      XL: |  1  2  3  4 |
---------------+-------------+-----
Axes           | 2 3 |  3.5
Armour         | 3 |  3.4
Shields        | 3 |  3.4
Fighting       | |  3.8

Action                   |  1- 3 |  4- 6 || total
-------------------------+-------+-------++-------
Melee: War axe           |   149 |    96 ||   245
 Fire: Hunting sling     |     2 |       ||     2
Armor: Scale mail        |    85 |    30 ||   115
       Chain mail        |       |    34 ||    34
Dodge: Dodged            |    52 |    22 ||    74
Block: Kite shield       |    85 |    40 ||   125

Levels and vault maps discovered:
D:1:      scummos_arrival_hexagon, layout_basic
D:2:      layout_basic, basic_altar, hellmonk_ecumenical_altar_arch_garden
D:3:      layout_basic
D:4:      layout_rooms, portal_sewer_entry_e, serial_shops, kennysheep_mini

Notes
Turn   | Place    | Note
-------+----------+-------------------------------------------
     0 | D:1      | Sobieck the Demonspawn Fighter began the quest for the Orb.
     0 | D:1      | Reached XP level 1. HP: 18/18 MP: 1/1
     0 | D:1      | magus.rc [v1.9.6]
   122 | D:1      | Reached skill level 2 in Axes
   133 | D:1      | Gained mutation: Your demonic aura sometimes causes spilled
                  | blood to erupt in flames. [demonic ancestry]
   133 | D:1      | Reached XP level 2. HP: 23/24 MP: 2/2
  1045 | D:1      | Reached skill level 3 in Armour
  1045 | D:1      | Gained mutation: When seriously injured, your bleeding
                  | wounds create armour. (AC +9) [demonic ancestry]
  1045 | D:1      | Reached XP level 3. HP: 27/29 MP: 3/3
  1388 | D:2      | Reached skill level 3 in Shields
  1875 | D:2      | Reached XP level 4. HP: 24/35 MP: 4/4
  2110 | D:2      | Found a radiant altar of Vehumet.
  2164 | D:2      | Found a faded altar of an unknown god.
  2311 | D:2      | Reached skill level 3 in Axes
  2768 | D:4      | Noticed a necrophage
  2791 | D:3      | Killed a necrophage
  2792 | D:3      | Gained mutation: When seriously injured, your bleeding
                  | wounds create thick armour. (AC +9) [demonic ancestry]
  2792 | D:3      | Reached XP level 5. HP: 19/42 MP: 5/5
  3045 | D:3      | HP: 5/42 [orc priest/divine providence (8)]
  3047 | D:3      | Killed from afar by an orc priest

Vanquished Creatures
  A necrophage (D:3)
  2 adders (D:2)
  5 worms
  2 dart slugs (D:2)
  2 orcs (D:3)
  2 endoplasms
  3 giant cockroaches
  7 goblins
  4 hobgoblins (D:1)
  10 jackals
  3 quokkas
  2 ball pythons (D:1)
  3 bats (D:1)
  7 frilled lizards
  6 kobolds
  2 rats
61 creatures vanquished.

Table legend:
 A = Non-vault XP
 B = Vault XP
 C = Vault XP percentage of total XP
 D = Non-vault monster count
 E = Vault monster count
 F = Vault count percentage of total count
                 A         B        C        D         E       F
            +---------+---------+-------+---------+---------+-------
      Total |     258 |       0 |   0.0 |      61 |       0 |   0.0
            +---------+---------+-------+---------+---------+-------
        D:1 |      46 |       0 |   0.0 |      28 |       0 |   0.0
        D:2 |      83 |       0 |   0.0 |      25 |       0 |   0.0
        D:3 |     129 |       0 |   0.0 |       8 |       0 |   0.0
            +---------+---------+-------+---------+---------+-------

Illustrated notes

Table legend:
 A = Kills in this place as a percentage of kills in entire the game.
 B = Kills by you in this place as a percentage of kills by you in the entire game.
 C = Kills by friends in this place as a percentage of kills by friends in the entire game.
 D = Other kills in this place as a percentage of other kills in the entire game.
 E = Experience gained in this place as a percentage of experience gained in the entire game.
 F = Experience gained in this place divided by the number of levels of this place that you have seen.
                   A       B       C       D       E      F
               +-------+-------+-------+-------+-------+----------------------
         Total | 100.0 | 100.0 |   N/A |   N/A | 100.0 |  64.5
       Dungeon | 100.0 | 100.0 |   N/A |   N/A | 100.0 |  64.5
               +-------+-------+-------+-------+-------+----------------------

Table legend: (Time is in decaauts)
 A = Elapsed time spent in this place.
 B = Non-inter-level travel time spent in this place.
 C = Inter-level travel time spent in this place.
 D = Time resting spent in this place.
 E = Time spent auto-exploring this place.
 F = Levels seen in this place.
 G = Mean time per level.
                   A        B        C        D        E       F      G
               +--------+--------+--------+--------+--------+-----+--------+
         Total |   3201 |   3112 |     89 |    558 |   1902 |   4 |  800.2 |
       Dungeon |   3201 |   3112 |     89 |    558 |   1902 |   4 |  800.2 |
               +--------+--------+--------+--------+--------+-----+--------+

Top non-repeatable levels by time:
     D:2: 1524 daAuts
     D:1: 1286 daAuts
     D:3: 387 daAuts
     D:4: 2 daAuts
